 Dungeon Crawl Stone Soup version 0.30-a0-879-ga8ba668304 (webtiles) character file.

Game seed: 7898036475215423965

931 Parcival the Conjurer (level 8, 0/84 (87) HPs)
             Began as a Human Conjurer on Mar 13, 2023.
             Was an Initiate of Sif Muna.
             Slain by a sixfirhy (14 damage)
             ... summoned by a kobold demonologist
             ... on level 6 of the Dungeon.
             The game lasted 00:21:09 (6413 turns).

Parcival the Conjurer (Human Conjurer)              Turns: 6413, Time: 00:21:10

HP:   0/84 (87)     AC: 31    Str:  7      XL:     8   Next: 33%
MP:   2/14          EV:  2    Int: 18 (20) God:    Sif Muna [......]
Gold: 198           SH:  0    Dex: 13      Spells: 9/15 levels left

rFire   . . .      SeeInvis .    b - +12 pair of quick blades "Gyre" and "Gimble" {protect}
rCold   . . .      Faith    .    (shield currently unavailable)
rNeg    . . .      Spirit   .    m - melded +0 robe
rPois   +          Reflect  .    (helmet currently unavailable)
rElec   .          Rampage  .    e - melded +0 cloak
rCorr   +          NoTele   +    l - melded +1 pair of gloves {Stlth+}
Will    .....                    (boots currently unavailable)
Stlth   ++                       (no amulet)
HPRegen 0.34/turn                g - ring of resist corrosion
MPRegen 0.14/turn                (no ring)

@: tree-form, under a protective aura, lightly drained
A: stationary, stasis, torment immunity, boosted hp
a: Renounce Religion


You were on level 6 of the Dungeon.
You worshipped Sif Muna.
Sif Muna was noncommittal.
You were a tree.
You visited 2 branches of the dungeon, and saw 7 of its levels.

You collected 324 gold pieces.
You spent 126 gold pieces at shops.

Inventory:

Hand Weapons
 b - the +12 pair of quick blades "Gyre" and "Gimble" (weapon) {protect}
   (You acquired it on level 1 of the Dungeon)
 h - a +3 dagger of speed
Armour
 e - a +0 cloak (melded)
 l - a +1 pair of gloves of stealth (melded)
 m - a +0 robe (melded)
Jewellery
 g - a ring of resist corrosion (left branch)
 n - a ring of positive energy
Scrolls
 a - a scroll of identify
 j - 3 scrolls of enchant weapon
Potions
 c - 5 potions of cancellation
 f - a potion of degeneration
 i - a potion of flight {unknown}
 k - a potion of mutation {unknown}
 o - a potion of magic
 s - a potion of might {unknown}


   Skills:
 + Level 3.2 Fighting
 + Level 3.0 Short Blades
 + Level 3.1 Dodging
 + Level 4.0 Stealth
 + Level 0.7 Unarmed Combat
 + Level 4.3 Spellcasting
 + Level 6.0 Conjurations


You had 9 spell levels left.
You knew the following spells:

 Your Spells              Type           Power      Damage    Failure   Level
a - Magic Dart            Conj           100%       1d8       1%          1
b - Searing Ray           Conj           50%        2d6       1%          2
c - Dazzling Flash        Conj/Hex       28%        N/A       12%         3

Your spell library contained the following spells:

 Spells                   Type           Power      Damage    Failure   Level
 Scorch                   Fire           6%         2d5       22%         2
 Flame Wave               Conj/Fire      14%        2d6       38%         4
 Fulminant Prism          Conj/Hex       7%         3d7       38%         4
 Iskenderun's Mystic Bla  Conj/Tloc      14%        2d5       38%         4
 Summon Cactus Giant      Summ           1%         N/A       100%        6


Dungeon Overview and Level Annotations

Branches:
Dungeon (6/15)             Temple (1/1) D:5

Altars:
Cheibriados
Dithmenos
Elyvilon
Gozag
Kikubaaqudgha
Nemelex Xobeh
Okawaru
Qazlal
Ru
Sif Muna
Trog
Uskayaw
Wu Jian
Zin

Shops:
D:2 =   D:3 [   D:4 *   D:5 *


Message History

You closely miss the ufetubus. You puncture the ufetubus!
You kill the ufetubus!
The ufetubus disappears in a puff of smoke!
The neqoxec hits you but does no damage.
You puncture the sixfirhy! You closely miss the sixfirhy.
The sixfirhy is engulfed in seething chaos.
The sixfirhy suddenly seems more resistant.
The sixfirhy is engulfed in seething chaos. x2
The sixfirhy suddenly seems more agile.
The quasit bites you but does no damage.
The quasit barely misses you.
The quasit claws you but does no damage.
The sixfirhy is engulfed in seething chaos.
The gnoll sergeant barely misses you.
You miss the sixfirhy. You puncture the sixfirhy!
The neqoxec disappears in a puff of smoke!
The sixfirhy is engulfed in seething chaos.
The sixfirhy goes berserk!
The sixfirhy is engulfed in seething chaos. x2
The sixfirhy seems to slow down.
The quasit bites you but does no damage.
The quasit claws you but does no damage. x2
The sixfirhy is engulfed in seething chaos.
You hit the sixfirhy but do no damage. You barely miss the sixfirhy.
The gnoll sergeant hits you but does no damage.
The kobold demonologist mumbles some strange words.
The quasit bites you but does no damage.
The quasit claws you but does no damage. x2
Casting: Searing Ray (safe; 1% risk of failure)
Confirm with . or Enter, or press ? or * to list all spells.
You don't have enough magic to cast this spell.
You hit the sixfirhy. You miss the sixfirhy.
The orange demon disappears in a puff of smoke!
The sixfirhy is no longer moving slowly.
The quasit bites you but does no damage.
The quasit claws you but does no damage. x2
You closely miss the sixfirhy. You completely miss the sixfirhy.
The sixfirhy hits you but does no damage. x2
The sixfirhy hits you!
You die...

...................##.#
##......(#.........##.#
#.......###.......##..#
........# #...........#
........# ##........#.#
.####..†## #.....######
##...###....## ###
##...##...## ##.### #
#5♣§#....####.#..#
....####.35.......#.#####
.......5§Kg######..##
#...#####gK# ##.## #
##.5.# ##.# #..KK# #.#
#...K.# ### #...)))#
..........#


You could see 2 kobold demonologists, a sixfirhy (summoned, berserk, agile,
resistant), a kobold brigand, a gnoll sergeant, 2 quasits, a gnoll, a shadow imp
(summoned), an ufetubus (summoned) and 2 kobolds.

Vanquished Creatures
  A black bear (D:5)
  A sky beast (D:6)
  A kobold brigand (D:6)
  3 scorpions
  A gnoll bouda (D:4)
  A jelly (D:5)
  2 orc priests
  Terence (D:3)
  3 sleepcaps
  An orc wizard (D:3)
  9 adders
  7 gnolls
  2 dart slugs
  15 orcs
  7 ball pythons
  6 endoplasms
  5 giant cockroaches
  6 goblins
  9 hobgoblins
  9 kobolds
  6 quokkas
  6 bats
  3 frilled lizards (D:2)
  6 rats
111 creatures vanquished.

Vanquished Creatures (others)
  A plant (D:6)
1 creature vanquished.

Grand Total: 112 creatures vanquished

Notes
Turn   | Place    | Note
-------+----------+-------------------------------------------
     0 | D:1      | Parcival the Human Conjurer began the quest for the Orb.
     0 | D:1      | Reached XP level 1. HP: 13/13 MP: 3/3
    41 | D:1      | Found a faded altar of an unknown god.
   249 | D:1      | Reached XP level 2. HP: 19/19 MP: 3/5
   294 | D:1      | Learned a level 2 spell: Searing Ray
   899 | D:1      | Reached XP level 3. HP: 25/25 MP: 3/6
   934 | D:1      | Identified a scroll of acquirement
   934 | D:1      | Acquired the +12 pair of quick blades "Gyre" and "Gimble"
                  | {protect}
   934 | D:1      | Found the +12 pair of quick blades "Gyre" and "Gimble"
                  | {protect}
  1083 | D:2      | Found an ancient bone altar of Kikubaaqudgha.
  1349 | D:2      | Reached skill level 1 in Fighting
  1384 | D:2      | Found Quarit's Jewellery Emporium.
  1460 | D:2      | Reached XP level 4. HP: 32/32 MP: 4/7
  2057 | D:2      | Learned a level 3 spell: Dazzling Flash
  2069 | D:3      | Found Teas Arilu's Armour Shoppe.
  2457 | D:3      | Reached XP level 5. HP: 12/38 MP: 0/8
  2465 | D:3      | Reached skill level 1 in Short Blades
  2639 | D:3      | Reached XP level 6. HP: 30/44 MP: 5/10
  2851 | D:3      | Reached skill level 5 in Conjurations
  3050 | D:3      | Noticed Terence
  3060 | D:3      | Killed Terence
  3401 | D:3      | Bought a +0 pair of gloves of stealth for 126 gold pieces
  3695 | D:4      | Reached XP level 7. HP: 48/51 MP: 1/11
  4365 | D:4      | Found Loblyefe's Neck Hole.
  4781 | D:5      | Entered Level 5 of the Dungeon
  4837 | D:5      | Found Kueshuma's Mayhem Merchandise.
  5496 | D:5      | Found a staircase to the Ecumenical Temple.
  5702 | Temple   | Entered the Ecumenical Temple
  5967 | Temple   | Became a worshipper of Sif Muna the Loreminder
  6068 | D:6      | Found a glowing silver altar of Zin.
  6084 | D:6      | Reached XP level 8. HP: 53/58 MP: 4/14
  6386 | D:6      | Noticed a kobold demonologist
  6388 | D:6      | Noticed a kobold demonologist
  6389 | D:6      | Reached skill level 6 in Conjurations
  6389 | D:6      | Noticed an orange demon
  6407 | D:6      | Noticed a sixfirhy
  6413 | D:6      | Slain by a sixfirhy

Illustrated notes

Levels and vault maps discovered:
D:1:      spicycebolla_arrival_xxxplode, layout_loops_ring,
          shapermc_ecumenical_altar_acropolis
D:2:      layout_basic, serial_shops, nicolae_shop_advertising_works
          [nicolae_subvault_shop_adworks], basic_altar, minmay_pentomino_p2
D:3:      layout_basic, serial_shops, nicolae_shop_statue_plus, minmay_cupped,
          uniq_terence
D:4:      layout_cave_pods, serial_column_ruins, column_ruins_grid_5,
          column_ruins_hut_water, column_ruins_grid_1, column_ruins_grid_2,
          column_ruins_open_tiny, column_ruins_grid_4, column_ruins_grid_1,
          column_ruins_open_small_water, column_ruins_grid_1,
          nicolae_shop_sticking_my_neck_out
D:5:      layout_loops_ring, minmay_temple_entry_enclosed_plants,
          minmay_shop_mayhem, st_stairs_9
D:6:      layout_layer_cave, mainiacjoe_overflow_boulevard, serial_park_tiny_2,
          uniq_blork_the_orc
Temple:   nicolae_temple_bog_church

Skill      XL: |  1  2  3  4  5  6  7  8 |
---------------+-------------------------+-----
Fighting       | 1 2 3 |  3.2
Short Blades   | 1 2 3 |  3.0
Stealth        | 3 4 |  4.0
Conjurations   | 5 6 |  6.0
Spellcasting   | 3 4 |  4.3
Dodging        | 3 |  3.1
Unarmed Combat | |  0.7

Action                     |  1- 3 |  4- 6 |  7- 9 || total
---------------------------+-------+-------+-------++-------
  Melee: Dagger            |    16 |       |       ||    16
         Unarmed           |    10 |       |       ||    10
         Pair of quick bla |    10 |    27 |    40 ||    77
   Cast: Magic Dart        |    22 |       |       ||    22
         Searing Ray       |    14 |    33 |    27 ||    74
         Dazzling Flash    |       |     1 |       ||     1
    Use: Scroll            |     5 |     2 |     6 ||    13
         Potion            |     2 |     2 |     1 ||     5
   Stab: Invisible         |       |     1 |       ||     1
         Sleeping          |       |     1 |       ||     1
 Armour: Robe              |    12 |    12 |    22 ||    46
         Skin              |       |       |    24 ||    24
  Dodge: Dodged            |    37 |    27 |    34 ||    98

Table legend: (Time is in decaauts)
 A = Elapsed time spent in this place.
 B = Non-inter-level travel time spent in this place.
 C = Inter-level travel time spent in this place.
 D = Time resting spent in this place.
 E = Time spent auto-exploring this place.
 F = Levels seen in this place.
 G = Mean time per level.
                   A        B        C        D        E       F      G
               +--------+--------+--------+--------+--------+-----+--------+
         Total |   6386 |   5854 |    532 |     10 |   5079 |   7 |  912.3 |
       Dungeon |   6102 |   5653 |    449 |     10 |   4892 |   6 | 1017.0 |
        Temple |    284 |    201 |     83 |      0 |    187 |   1 |  284.0 |
               +--------+--------+--------+--------+--------+-----+--------+

Top non-repeatable levels by time:
     D:3: 1385 daAuts
     D:4: 1310 daAuts
     D:2: 1042 daAuts
     D:1: 1024 daAuts
     D:5: 1004 daAuts
     D:6: 335 daAuts
  Temple: 284 daAuts
